 Dungeon Crawl Stone Soup version 0.17.2 (webtiles) character file.

7042 Goblin1989 the Cruncher (level 11, -4/62 HPs)
             Began as a Gargoyle Gladiator on July 14, 2016.
             Was an Initiate of Gozag.
             Killed from afar by a gargoyle (28 damage)
             ... with a stone arrow
             ... on level 10 of the Dungeon.
             The game lasted 00:20:46 (9678 turns).

Goblin1989 the Cruncher (Gargoyle Gladiator)        Turns: 9678, Time: 00:20:46

Health: -4/62      AC: 23    Str: 20    XL:     11   Next: 9%
Magic:  11/11      EV: 11    Int:  9    God:    Gozag
Gold:   1390       SH:  0    Dex: 12    Spells: 0 memorised, 10 levels left

rFire  . . .     SeeInvis .     b - +3 quarterstaff (speed)
rCold  . . .     Clarity  .     m - +2 scale mail {MR+}
rNeg   + . .     SustAt   .     (shield currently unavailable)
rPois  ∞         Gourm    .     q - +0 helmet
rElec  +         Spirit   .     w - +0 cloak
rCorr  .         Warding  .     (no gloves)
rMut   .         Stasis   .     l - +0 pair of boots
MR     +....                    (no amulet)
Stlth  ..........               (no ring)
                                x - +3 ring of protection

@: somewhat resistant to hostile enchantments, extremely unstealthy
A: negative energy resistance 1, electricity resistance, unbreathing,
petrification resistance, rot immunity, AC +7
a: Potion Petition, Call Merchant, Bribe Branch, Renounce Religion


You were on level 10 of the Dungeon.
You worshipped Gozag.
Gozag was noncommittal.
You were full.

You visited 1 branch of the dungeon, and saw 10 of its levels.
You also visited: Sewer.

You collected 1658 gold pieces.
You spent 224 gold pieces at shops.
You paid 44 gold pieces to Gozag.

Inventory:

Hand Weapons
 a - a +2 quarterstaff of holy wrath
 b - a +3 quarterstaff of speed (weapon)
 I - a +3 quarterstaff of crushing
Armour
 l - a +0 pair of boots (worn)
 m - a +2 scale mail of magic resistance (worn)
 q - a +0 helmet (worn)
 w - a +0 cloak (worn)
Jewellery
 x - a +3 ring of protection (left hand)
 O - a +4 ring of dexterity {unknown}
 P - the ring of Robustness {AC+8}
   (You took it off an orc on level 10 of the Dungeon)

   [ring of protection]

   It affects your AC (+8).
 Q - an uncursed ring of sustain attributes {unknown}
Wands
 r - a wand of fireball (10)
 t - a wand of cold (12)
 u - a wand of disintegration (8)
 v - a wand of confusion (14)
 y - a wand of paralysis (10)
 B - a wand of cold (5)
 G - a wand of fire (5)
 L - a wand of paralysis (16)
Scrolls
 d - 2 scrolls of magic mapping {unknown}
 k - 3 scrolls of amnesia
 n - 2 scrolls of fear
 o - 3 scrolls of immolation
 p - 2 scrolls of blinking {unknown}
 s - 2 scrolls of noise
 A - 4 scrolls of identify
 C - a scroll of silence {unknown}
 F - a scroll of recharging
 K - a scroll of summoning {unknown}
 M - 2 scrolls of teleportation
 N - a scroll of remove curse
Potions
 c - 3 potions of invisibility {unknown}
 f - 2 potions of flight
 g - 3 potions of degeneration {unknown}
 h - a potion of mutation {unknown}
 i - 6 potions of heal wounds
 j - 7 potions of curing {unknown}
 z - 5 potions of haste
Books
 D - a book of Flames

   Spells                             Type                      Level
   a - Flame Tongue                   Conjuration/Fire             1
   b - Throw Flame                    Conjuration/Fire             2
   c - Conjure Flame                  Conjuration/Fire             3
   d - Inner Flame                    Hexes/Fire                   3
   e - Sticky Flame                   Conjuration/Fire             4
   f - Fireball                       Conjuration/Fire             5
 H - the Handbook of Destructive Calling
   (You found it on level 8 of the Dungeon)

   Spells                             Type                      Level
   a - Call Imp                       Summoning                    2
   b - Aura of Abjuration             Summoning                    5
   c - Bolt of Cold                   Conjuration/Ice              6
   d - Spellforged Servitor           Conjuration/Summoning        7
Miscellaneous
 J - a phial of floods
Comestibles
 e - 5 bread rations
 E - 9 royal jellies


   Skills:
 * Level 4.8 Fighting
 - Level 14.9 Staves
 - Level 1.7 Throwing
 * Level 4.2 Armour
 + Level 3.4 Dodging


You had 10 spell levels left.
You didn't know any spells.

Dungeon Overview and Level Annotations

Branches:
Dungeon (10/15)            Temple (0/1) D:5
   Lair: D:8-11         Orc: D:9-12

Altars:
Dithmenos
Gozag
Qazlal
Ru
Trog
Vehumet
Zin

Shops:
D:5 [   D:8 (   D:9 [


Innate Abilities, Weirdness & Mutations

You are resistant to torment.
Your stone body is resilient (AC +7).
You are immune to poison.
You resist negative energy.
You are resistant to electric shocks.
You can survive without breathing.
You are immune to petrification.
You are immune to rotting.


Message History

You are too injured to fight recklessly!
You are too injured to fight recklessly!
You are too injured to fight recklessly!
You are too injured to fight recklessly!
You are too injured to fight recklessly!
A gargoyle is nearby!
A gargoyle is nearby!
You hit the gargoyle but do no damage. You sock the gargoyle!
The gargoyle hits you but does no damage.
You hit the gargoyle but do no damage. You hit the gargoyle.
You sock the gargoyle! The gargoyle hits you with a flail.
You hit the gargoyle. You hit the gargoyle but do no damage.
You hit the gargoyle but do no damage.
The gargoyle hurls a stone arrow at you.
The stone arrow hits you!
You die...
Your body crumbles into a pile of gold.

# ######## ### #......#
###
..###......########..?..
#...#......##...@9(.....
###.#.....<'..#####.....
# #.#......#### ... #
#.#......# # #
#.'......# ###......#
#####+## ## #.# ###+###
.# #.# #.....#


You could see a gargoyle.

Vanquished Creatures
  An ugly thing (D:8)
  Grinder (D:4)
  Prince Ribbit (D:8)
  A queen bee (D:7)
  Sigmund (D:2)
  2 hungry ghosts
  3 hippogriffs
  Menkaure (D:4)
  2 steam dragons
  Edmund (D:5)
  A soldier ant (D:9)
  2 sky beasts
  3 ice beasts
  A necrophage (D:8)
  A wasp (D:9)
  2 orc warriors
  4 centaurs
  An ogre (D:4)
  2 phantoms
  6 big kobolds
  5 giant frogs
  A scorpion (D:7)
  A wight (D:8)
  An electric eel (D:6)
  6 killer bees (D:8)
  3 crimson imps
  3 centaur zombies
  A giant frog zombie (D:8)
  4 hounds
  4 quasits
  A giant frog skeleton (D:8)
  2 jellies
  Crazy Yiuf (D:4)
  A centaur skeleton (D:9)
  7 iguanas
  Terence (D:1)
  3 orc priests
  7 orc wizards
  13 worker ants
  4 hound skeletons
  Robin (D:4)
  6 adders
  14 gnolls
  2 river rats (Sewer)
  6 oozes
  5 worms
  6 giant geckos
  34 orcs
  5 ball pythons
  8 giant cockroaches
  18 goblins
  9 hobgoblins
  3 jackals (D:10)
  23 kobolds
  8 bats
  7 giant newts
  2 quokkas (D:2)
  3 quokka skeletons
  11 rats
277 creatures vanquished.

Notes
Turn   | Place    | Note
--------------------------------------------------------------
     0 | D:1      | Goblin1989 the Gargoyle Gladiator began the quest for the Orb.
     0 | D:1      | Reached XP level 1. HP: 12/12 MP: 1/1
   219 | D:1      | Reached XP level 2. HP: 15/17 MP: 2/2
   815 | D:2      | Noticed Terence
   847 | D:1      | Killed Terence
   847 | D:1      | Reached skill level 4 in Staves
   847 | D:1      | Reached XP level 3. HP: 21/21 MP: 3/3
   887 | D:2      | Found a faded altar to an unknown god.
  1131 | D:2      | Reached XP level 4. HP: 26/26 MP: 4/4
  1189 | D:2      | Noticed Sigmund
  1211 | D:2      | Killed Sigmund
  1211 | D:2      | Reached skill level 6 in Staves
  1211 | D:2      | Reached XP level 5. HP: 30/30 MP: 5/5
  1307 | D:2      | Reached XP level 6. HP: 35/35 MP: 6/6
  1909 | D:3      | Reached skill level 7 in Staves
  2496 | D:4      | Noticed Robin
  2502 | D:4      | Killed Robin
  2747 | D:4      | Reached XP level 7. HP: 40/40 MP: 7/7
  2882 | D:4      | Found a glowing silver altar of Zin.
  2882 | D:4      | Found an opulent altar of Gozag.
  2914 | D:4      | Became a worshipper of Gozag Ym Sagoz the Greedy
  2976 | D:4      | Reached skill level 8 in Staves
  3294 | D:4      | Noticed Menkaure
  3318 | D:4      | HP: 2/40 [Menkaure (19)]
  3319 | D:4      | Killed Menkaure
  3601 | D:4      | Reached skill level 9 in Staves
  3700 | D:4      | Reached XP level 8. HP: 44/44 MP: 8/8
  3922 | D:4      | Noticed Crazy Yiuf
  3928 | D:4      | Killed Crazy Yiuf
  3957 | D:4      | Noticed Grinder
  3974 | D:4      | Killed Grinder
  3974 | D:4      | Reached skill level 10 in Staves
  4210 | D:5      | Entered Level 5 of the Dungeon
  4338 | D:5      | Found Oghoffere's Armour Shop.
  4345 | D:5      | Found a bloodstained altar of Trog.
  4345 | D:5      | Found a radiant altar of Vehumet.
  4360 | D:5      | Found a staircase to the Ecumenical Temple.
  4377 | D:5      | Found a glowing drain.
  4393 | Sewer    | Entered a sewer
  4521 | Sewer    | Reached skill level 11 in Staves
  4807 | Sewer    | Reached XP level 9. HP: 48/48 MP: 9/9
  5056 | D:5      | Found a shadowy altar of Dithmenos.
  5154 | D:5      | Found a sacrificial altar of Ru.
  5156 | D:5      | Noticed Edmund
  5189 | D:5      | Killed Edmund
  5189 | D:5      | Reached skill level 12 in Staves
  5672 | D:6      | Found a stormy altar of Qazlal.
  6326 | D:7      | Reached skill level 13 in Staves
  6805 | D:7      | Reached XP level 10. HP: 38/53 MP: 10/10
  6888 | D:7      | Noticed Joseph
  6899 | D:7      | Noticed Joseph
  6899 | D:7      | Joseph changed into Joseph the queen bee
  6921 | D:7      | Killed Joseph the queen bee
  7282 | D:8      | Reached skill level 14 in Staves
  7402 | D:8      | Noticed a red ugly thing
  7425 | D:8      | Killed a red ugly thing
  7684 | D:8      | Found Mef Zoosoiq's Antique Weapon Boutique.
  7690 | D:8      | Bought a glowing quarterstaff for 112 gold pieces
  7727 | D:8      | Bought a glowing quarterstaff for 112 gold pieces
  7802 | D:8      | Noticed Prince Ribbit
  7944 | D:8      | Killed Prince Ribbit
  7999 | D:8      | Identified the Handbook of Destructive Calling
  8265 | D:9      | Reached skill level 1 in Armour
  8682 | D:9      | Found a sacrificial altar of Ru.
  8964 | D:9      | Found Anlaodd's Armour Boutique.
  9220 | D:10     | Entered Level 10 of the Dungeon
  9270 | D:10     | Reached XP level 11. HP: 55/62 MP: 11/11
  9678 | D:10     | Killed from afar by a gargoyle

Action                   |  1- 3 |  4- 6 |  7- 9 | 10-12 || total
-------------------------+-------+-------+-------+-------++-------
Melee: Quarterstaff      |   120 |   192 |   509 |   395 ||  1216
Throw: Throwing net      |       |     2 |     1 |       ||     3
Evoke: Wand              |       |       |     2 |       ||     2
  Use: Potion            |       |       |     1 |       ||     1
       Scroll            |       |       |    12 |       ||    12
 Stab: Paralysed         |       |       |     3 |     1 ||     4
       Confused          |       |       |       |     1 ||     1
       Invisible         |       |       |       |     1 ||     1
  Eat: Meat ration       |       |     1 |     2 |     2 ||     5
       Chunk             |       |     1 |       |       ||     1
       Bread ration      |       |       |     2 |       ||     2
       Pizza             |       |       |     2 |       ||     2
       Beef jerky        |       |       |       |     7 ||     7
